 Dungeon Crawl Stone Soup version 0.26.1-11-gd32895ea62 (webtiles) character file.

Game seed: 7181566195881012058

795 Zeld the Cruncher (level 7, -11/45 HPs)
             Began as an Octopode Gladiator on May 21, 2021.
             Mangled by an ogre
             ... wielding a +0 giant spiked club
              (37 damage)
             ... on level 5 of the Dungeon.
             The game lasted 00:04:41 (6526 turns).

Zeld the Cruncher (Octopode Gladiator)              Turns: 6526, Time: 00:04:42

Health: -11/45     AC:  1    Str: 15    XL:     7   Next: 89%
Magic:  7/7        EV: 14    Int: 11    God:
Gold:   166        SH:  0    Dex: 13    Spells: 6/6 levels left

rFire    . . .     SeeInvis .   y - +3 quarterstaff (chaos)
rCold    . . .     Faith    .   (shield currently unavailable)
rNeg     . . .     Spirit   .   b - +0 hat
rPois    .         Reflect  .   (no amulet)
rElec    .         Harm     .   (no ring)
rCorr    .         Rampage  .   (no ring)
Will     .....                  (no ring)
Stlth    ++........             (no ring)
HPRegen  0.15/turn              (no ring)
MPRegen  0.10/turn              (no ring)
                                (no ring)
                                (no ring)

@: no status effects
A: almost no armour, stealthy swim, amphibious, 8 rings, constrict 8, camouflage
1, gelatinous body 1
a: no special abilities


You were on level 5 of the Dungeon.
You visited 1 branch of the dungeon, and saw 5 of its levels.

You collected 166 gold pieces.

Inventory:

Hand Weapons
 a - a +0 quarterstaff
 y - a +3 quarterstaff of chaos (weapon)
Missiles
 c - 4 throwing nets (quivered)
 i - 4 silver javelins
 m - 5 atropa-tipped darts
Armour
 b - a +0 hat (worn)
Jewellery
 A - an uncursed amulet of faith {unknown}
Wands
 v - a wand of polymorph (3)
Scrolls
 d - 2 scrolls of fear {unknown}
 g - 4 scrolls of identify {unknown}
 h - a scroll of blinking {unknown}
 k - 6 scrolls of remove curse {unknown}
 l - 2 scrolls of enchant armour {unknown}
 o - a scroll of enchant weapon {unknown}
 t - 2 scrolls of teleportation {unknown}
 x - a scroll of amnesia {unknown}
Potions
 e - 2 potions of berserk rage {unknown}
 f - 2 potions of lignification {unknown}
 j - 4 potions of flight {unknown}
 n - a potion of mutation {unknown}
 p - a potion of invisibility {unknown}
 q - 2 potions of curing {unknown}
 r - a potion of degeneration {unknown}
 s - 3 potions of haste {unknown}
 u - a potion of brilliance {unknown}
 w - 2 potions of attraction {unknown}
 z - a potion of resistance {unknown}


   Skills:
 - Level 2.0 Fighting
 * Level 9.1 Staves
 - Level 2.0 Throwing
 - Level 3.0 Dodging


You had 6 spell levels left.
You didn't know any spells.
Your spell library was empty.

Dungeon Overview and Level Annotations

Branches:
Dungeon (5/15)
 Temple: D:4-7

Altars:
Qazlal
Xom


Innate Abilities, Weirdness & Mutations

You cannot wear most types of armour.
You are very stealthy in the water. (Stealth+)
You are amphibious.
You can wear up to eight rings at the same time.
You can use your tentacles to constrict eight enemies at once.
Your skin changes colour to match your surroundings (Stealth+).
Your rubbery body absorbs attacks. (AC +1, EV +1)


Message History

An ogre is nearby!
The ogre hits you with a +0 giant spiked club!!
Ouch! That really hurt!
There is an open door, spattered with blood here.
You are too injured to fight recklessly!
You are too injured to fight recklessly!
You are too injured to fight recklessly!
Okay, then.
Unknown command.
Press: ? - help, v - describe, . - travel
Here: an ogre, wielding a +0 giant spiked club The floor.
Search for what [Enter for "quarterstaff", or ? for help]? shaft Can't find anything matching that.
Search for what [Enter for "shaft", or ? for help]? trap Unknown command.
Search for what [Enter for "trap", or ? for help]? quarterstaff The ogre hits you with a +0 giant spiked club!!!
Ouch! That really hurt!
You die...

.......##......##.#####....
........#..(.####..<.....#
...................##......
............##....## #....
..####..........#..# ....
...##....##..#.....## .# #
......#...#..##.....##.#
...............#...##..#
###............#@....# #
##..........#.O...##...
##........#.......#...#
..#.......#............#
.......................#
..........#......###..##
.......#..#.....## #..#
##.. ..#.............#
#.... .#...
.#.............## #..##
..#...


You could see an ogre.

Vanquished Creatures
  A phantom (D:5)
  An ogre (D:4)
  A centaur (D:5)
  A scorpion (D:4)
  Crazy Yiuf (D:3)
  2 hounds (D:5)
  Jessica (D:3)
  4 orc wizards
  Natasha (thrice) (D:1)
  2 worker ants (D:4)
  7 gnolls (D:3)
  2 adders
  An ufetubus (D:5)
  An ooze (D:5)
  2 worms
  A dart slug (D:1)
  5 orcs
  4 giant cockroaches
  4 hobgoblins
  5 kobolds (D:1)
  2 quokkas
  8 bats
  A frilled lizard (D:1)
  3 goblins
  9 rats
72 creatures vanquished.

Notes
Turn   | Place    | Note
-------+----------+-------------------------------------------
     0 | D:1      | Zeld the Octopode Gladiator began the quest for the Orb.
     0 | D:1      | Reached XP level 1. HP: 14/14 MP: 1/1
    44 | D:1      | Reached XP level 2. HP: 16/19 MP: 2/2
   581 | D:1      | Reached skill level 4 in Staves
   654 | D:1      | Reached XP level 3. HP: 23/24 MP: 3/3
   804 | D:2      | Noticed Natasha
   987 | D:1      | Killed Natasha
  1140 | D:1      | Noticed Natasha
  1151 | D:1      | Killed Natasha
  1152 | D:1      | Reached skill level 5 in Staves
  1152 | D:1      | Reached XP level 4. HP: 29/29 MP: 4/4
  1376 | D:1      | Noticed Natasha
  1380 | D:1      | Killed Natasha
  2121 | D:2      | Reached XP level 5. HP: 7/34 MP: 5/5
  3036 | D:3      | Reached skill level 6 in Staves
  3150 | D:3      | Noticed Jessica
  3161 | D:3      | Killed Jessica
  3348 | D:3      | Reached XP level 6. HP: 14/39 MP: 6/6
  3712 | D:3      | Found a runed translucent door.
  3713 | D:3      | Noticed Crazy Yiuf
  3827 | D:3      | Found a faded altar of an unknown god.
  4043 | D:3      | Reached skill level 7 in Staves
  4620 | D:3      | Killed Crazy Yiuf
  5136 | D:4      | Found a shimmering altar of Xom.
  5501 | D:4      | Reached skill level 8 in Staves
  5501 | D:4      | Reached XP level 7. HP: 27/45 MP: 7/7
  5871 | D:4      | Found a stormy altar of Qazlal.
  6041 | D:5      | Entered Level 5 of the Dungeon
  6246 | D:5      | Reached skill level 9 in Staves
  6526 | D:5      | Mangled by an ogre

Illustrated notes

Levels and vault maps discovered:
D:1:      saegor_arrival_simple_e, layout_rooms, minmay_misc_feat_four_crosses,
          serial_bayou_lagoon_a
D:2:      layout_basic, uniq_natasha
D:3:      layout_loops_ring, chequers_ecumenical_altar_grove, uniq_jessica,
          uniq_crazy_yiuf_cottage
D:4:      layout_loops_corners, old_standard_altar,
          nicolae_overflow_hidden_temple, minmay_misc_feat_nine_boxes
D:5:      layout_layer_cave, general_overflow_altar, kennysheep_flooded_box

Skill      XL: |  1  2  3  4  5  6  7 |
---------------+----------------------+-----
Staves         | 4 5 6 8 9 |  9.1
Fighting       | |  2.0
Throwing       | |  2.0
Dodging        | |  3.0

Action                   |  1- 3 |  4- 6 |  7- 9 || total
-------------------------+-------+-------+-------++-------
Melee: Quarterstaff      |    47 |    96 |    30 ||   173
       Constrict         |    14 |    24 |     4 ||    42
       Tentacles         |    13 |    20 |     7 ||    40
 Stab: Sleeping          |     2 |     5 |     3 ||    10
       Paralysed         |       |       |     2 ||     2
Armor: Skin              |     5 |     9 |     1 ||    15
Dodge: Dodged            |    50 |    52 |    26 ||   128
